 Dungeon Crawl Stone Soup version 0.29.1-4-g47bece8355 (webtiles) character file.

Game seed: 3582740147452338504

22 fantasyman the Trooper (level 2, -1/33 HPs)
             Began as an Ogre Fighter on Dec 2, 2022.
             Slain by Terence
             ... wielding a +0 flail
              (8 damage)
             ... on level 2 of the Dungeon.
             The game lasted 00:00:41 (1117 turns).

fantasyman the Trooper (Ogre Fighter)               Turns: 1117, Time: 00:00:41

Health: -1/33      AC:  3    Str: 19    XL:     2   Next: 91%
Magic:  2/2        EV:  8    Int:  9    God:
Gold:   67         SH:  7    Dex:  8    Spells: 1/1 levels left

rFire   . . .      SeeInvis .   a - +0 flail
rCold   . . .      Faith    .   c - +0 kite shield
rNeg    . . .      Spirit   .   b - +0 robe
rPois   .          Reflect  .   (helmet restricted)
rElec   .          Harm     .   (no cloak)
rCorr   .          Rampage  .   (gloves unavailable)
Will    .....                   (boots unavailable)
Stlth   +.........              (no amulet)
HPRegen 0.11/turn               (no ring)
MPRegen 0.08/turn               (no ring)

@: mighty
A: large, unfitting armour, tough skin 1
a: no special abilities


You were on level 2 of the Dungeon.
You visited 1 branch of the dungeon, and saw 2 of its levels.

You collected 67 gold pieces.

Inventory:

Hand Weapons
 a - a +0 flail (weapon)
Armour
 b - a +0 robe (worn)
 c - a +0 kite shield (worn)
Scrolls
 e - 3 scrolls of identify {unknown}
Potions
 d - a potion of might
 f - a potion of attraction {unknown}
 g - a potion of lignification {unknown}
 h - a potion of invisibility {unknown}
 i - a potion of brilliance {unknown}


   Skills:
 + Level 4.4 Fighting
 + Level 2.1 Maces & Flails
 + Level 3.0 Dodging
 + Level 3.2 Shields


You had one spell level left.
You didn't know any spells.
Your spell library contained the following spells:

 Spells                   Type           Power      Damage    Failure   Level
 Chain Lightning          Conj/Air       0%         N/A       100%        9
 Fire Storm               Conj/Fire      0%         5d1       100%        9
 Shatter                  Erth           0%         3d5*      100%        9


Dungeon Overview and Level Annotations

Branches:
Dungeon (2/15)

Altars:

Annotations:
D:2 Terence


Innate Abilities, Weirdness & Mutations

You are too large for most types of armour.
You have tough skin. (AC +1)


Message History

Done exploring.
No target in view!
No target in view!
Done exploring.
No target in view!
Done exploring.
(D) Dungeon
Where to? (? - help)
What level of the Dungeon? (default 1, ? - help)
There is a stone staircase leading down here.
You climb downwards.
Terence shouts!
Found a book of Hexes and a scroll labelled LON BUDOCADE.
There is a stone staircase leading up here.
Terence is nearby!
You feel very mighty all of a sudden.
You barely miss Terence. Terence closely misses you.
You closely miss Terence. Terence hits you with a +0 flail!
You barely miss Terence. Terence hits you with a +0 flail.
Terence hits you but does no damage.
You sock Terence!
Terence is heavily wounded.
Terence hits you with a +0 flail.
You barely miss Terence.
Terence is heavily wounded.
Terence hits you with a +0 flail. Terence hits you with a +0 flail!
You thump Terence!
Terence is almost dead.
You block Terence's attack.
You barely miss Terence.
Terence is almost dead.
You block Terence's attack.
You barely miss Terence.
Terence is almost dead.
Terence drinks a potion.
Terence is healed!
Terence hits you with a +0 flail.
* * * LOW HITPOINT WARNING * * *
You completely miss Terence.
Terence is moderately wounded.
Terence hits you with a +0 flail!
You die...

#####
......
......
......#
.......
.......##
#..@@#
#......#
#....:##
#.....#
#....?#
#.....#
#..^...
#.....#


You could see Terence.

Vanquished Creatures
  3 bats (D:1)
  An endoplasm (D:1)
  3 giant cockroaches (D:1)
  A goblin (D:1)
  3 hobgoblins (D:1)
  2 kobolds (D:1)
  A ball python (D:1)
  2 frilled lizards (D:1)
  3 rats (D:1)
19 creatures vanquished.

Notes
Turn   | Place    | Note
-------+----------+-------------------------------------------
     0 | D:1      | fantasyman the Ogre Fighter began the quest for the Orb.
     0 | D:1      | Reached XP level 1. HP: 24/24 MP: 1/1
   250 | D:1      | Reached XP level 2. HP: 24/32 MP: 2/2
  1107 | D:2      | Noticed Terence
  1117 | D:2      | Slain by Terence

Illustrated notes

Levels and vault maps discovered:
D:1:      minmay_arrival_cross, layout_basic, minivault_27
D:2:      cheibrodos_fertilizer, layout_basic, uniq_terence

Skill      XL: |  1  2 |
---------------+-------+-----
Maces & Flails | 2 |  2.1
Dodging        | 3 |  3.0
Fighting       | |  4.4
Shields        | |  3.2

Action                   || total
-------------------------++-------
Melee: Flail             ||    70
  Use: Potion            ||     1
Armor: Robe              ||    24
Dodge: Dodged            ||    28
Block: Kite shield       ||    23
